MLB
CINCINNATI REDS @ KANSAS CITY ROYALS
10/01/2098
 
TOP OF THE 1ST
Cincinnati Reds batting - Pitching for Kansas City Royals : LHP Jim Connell
Pitching: LHP Jim Connell
Batting: LHB Jonathan Nelson 0-0: Ball
1-0: Called Strike
1-1: SOLO HOME RUN (Flyball, 9D, EV 98.1 MPH), Distance : 383 ft
Batting: RHB Erik Schmidt 0-0: Called Strike
0-1: Ball
1-1: Ball
2-1: Ground out 5-3 (Groundball, 56, EV 88.8 MPH)
Batting: RHB Jamie Schexnider 0-0: Ball
1-0: Foul Ball, location: 2F
1-1: Foul Ball, location: 2F
1-2: Foul Ball, location: 2F
1-2: Fly out, F8 (Flyball, 89XD, EV 109.4 MPH)
Batting: RHB Tim Mercer 0-0: Ball
1-0: Ball
2-0: Ball
3-0: Base on Balls
Pitching: RHP Aubrey Pettey
Batting: RHB Earl Boivin 0-0: Called Strike
Tim Mercer steals 2nd base
0-1: Ball
1-1: Foul Ball, location: 2F
1-2: Foul Ball, location: 2F
1-2: Ball
2-2: Foul Ball, location: 7LMF
2-2: Hit by Pitch
Batting: LHB Steve Carbone 0-0: Ball
1-0: Ball
2-0: Ball
3-0: Called Strike
3-1: Called Strike
3-2: 3-RUN HOME RUN (Flyball, 9D, EV 96.9 MPH), Distance : 373 ft
Batting: RHB Dave Truax 0-0: Ball
1-0: Called Strike
1-1: Foul Ball, location: 7LSF
1-2: Ball
2-2: SINGLE (Line Drive, 8LS, EV 94.4 MPH)
Batting: RHB Rich Bruce 0-0: Ball
1-0: Ground out 4-3 (Groundball, 34S, EV 89.4 MPH)
Top of the 1st over - 4 runs, 3 hits, 0 errors, 1 left on base; Cincinnati 4 - Kansas City 0
BOTTOM OF THE 1ST
Kansas City Royals batting - Pitching for Cincinnati Reds : RHP Mike Lewis
Pitching: RHP Mike Lewis
Batting: LHB Danny Bonilla 0-0: Ball
1-0: SOLO HOME RUN (Flyball, 7D, EV 98.8 MPH), Distance : 376 ft
Batting: LHB Jorge Castillo 0-0: Called Strike
0-1: Ball
1-1: SOLO HOME RUN (Flyball, 7D, EV 97.5 MPH), Distance : 373 ft
Batting: LHB Mike Andreas 0-0: Ball
1-0: Ball
2-0: Foul Ball, location: 3F
2-1: SINGLE (Line Drive, 8RS, EV 91.3 MPH)
Batting: RHB Blake Linden 0-0: Called Strike
0-1: Ball
1-1: Grounds into double play, 6-4-3 (Groundball, 6, EV 88.1 MPH)
Batting: LHB Tony Monterosa 0-0: Called Strike
0-1: Called Strike
0-2: Ball
1-2: Fly out, F9 (Flyball, 9LSF, EV 93.8 MPH)
Bottom of the 1st over - 2 runs, 3 hits, 0 errors, 0 left on base; Cincinnati 4 - Kansas City 2
TOP OF THE 2ND
Cincinnati Reds batting - Pitching for Kansas City Royals : RHP Aubrey Pettey
Batting: RHB Ricky Correa 0-0: Ball
1-0: Ground out 6-3 (Groundball, 6, EV 83.8 MPH)
Batting: LHB Jonathan Nelson 0-0: Called Strike
0-1: Swinging Strike
0-2: Strikes out swinging
Batting: RHB Erik Schmidt 0-0: Ball
1-0: Swinging Strike
1-1: Swinging Strike
1-2: Ball
2-2: SINGLE (Groundball, 4, EV 87.5 MPH) (infield hit)
Batting: RHB Jamie Schexnider 0-0: Called Strike
0-1: Ball
1-1: Foul Ball, location: 2RF
1-2: Fly out, F7 (Flyball, 7S, EV 94.4 MPH)
Top of the 2nd over - 0 runs, 1 hit, 0 errors, 1 left on base; Cincinnati 4 - Kansas City 2
BOTTOM OF THE 2ND
Kansas City Royals batting - Pitching for Cincinnati Reds : RHP Mike Lewis
Batting: RHB Alex Rios 0-0: Foul Ball, location: 5DF
0-1: Ball
1-1: Ball
2-1: Fly out, F8 (Flyball, 78M, EV 83.1 MPH)
Batting: RHB Maurice Groen 0-0: Ball
1-0: Ground out U3 (Groundball, 34, EV 110.0 MPH)
Batting: RHB Kyle Mellecker 0-0: SINGLE (Groundball, 6D, EV 100.0 MPH)
Batting: RHB Tim Kingsley 0-0: Ball
1-0: Called Strike
1-1: Foul Ball, location: 2F
1-2: Ball
2-2: Strikes out looking
Bottom of the 2nd over - 0 runs, 1 hit, 0 errors, 1 left on base; Cincinnati 4 - Kansas City 2
TOP OF THE 3RD
Cincinnati Reds batting - Pitching for Kansas City Royals : RHP Aubrey Pettey
Batting: RHB Tim Mercer 0-0: Ball
1-0: Fly out, F9 (Line Drive, 89D, EV 89.4 MPH)
Batting: RHB Earl Boivin 0-0: Called Strike
0-1: Called Strike
0-2: Ball
1-2: Ball
2-2: Foul Ball, location: 3F
2-2: Fly out, F6 (Line Drive, 6, EV 68.1 MPH)
Batting: LHB Steve Carbone 0-0: Ball
1-0: Called Strike
1-1: Ball
2-1: Called Strike
2-2: Foul Ball, location: 2F
2-2: Foul Ball, location: 5F
2-2: Fly out, F9 (Flyball, 9D, EV 90.6 MPH)
Top of the 3rd over - 0 runs, 0 hits, 0 errors, 0 left on base; Cincinnati 4 - Kansas City 2
BOTTOM OF THE 3RD
Kansas City Royals batting - Pitching for Cincinnati Reds : RHP Mike Lewis
Batting: LHB Danny Bonilla 0-0: Ball
1-0: Foul Ball, location: 2RF
1-1: Bunt missed!
1-2: Fly out, F9 (Flyball, 89S, EV 96.3 MPH)
Batting: LHB Jorge Castillo 0-0: Ball
1-0: Fly out, F8 (Flyball, 8RM, EV 76.9 MPH)
Batting: LHB Mike Andreas 0-0: Foul Ball, location: 2F
0-1: Ground out 4-3 (Groundball, 4, EV 79.4 MPH)
Bottom of the 3rd over - 0 runs, 0 hits, 0 errors, 0 left on base; Cincinnati 4 - Kansas City 2
TOP OF THE 4TH
Cincinnati Reds batting - Pitching for Kansas City Royals : RHP Aubrey Pettey
Batting: RHB Dave Truax 0-0: Called Strike
0-1: Foul Ball, location: 3DF
0-2: Foul Ball, location: 2F
0-2: Ball
1-2: Ball
2-2: Ball
3-2: Strikes out swinging
Batting: RHB Rich Bruce 0-0: Ball
1-0: Ball
2-0: Fly out, F3 (Popup, 34, EV 76.3 MPH)
Pitching: LHP Brian Clute
Batting: RHB Ricky Correa 0-0: Ball
1-0: Ground out 6-3 (Groundball, 6, EV 101.9 MPH)
Top of the 4th over - 0 runs, 0 hits, 0 errors, 0 left on base; Cincinnati 4 - Kansas City 2
BOTTOM OF THE 4TH
Kansas City Royals batting - Pitching for Cincinnati Reds : RHP Mike Lewis
Batting: RHB Blake Linden 0-0: Called Strike
0-1: Ground out 4-3 (Groundball, 4MD, EV 101.3 MPH)
Batting: LHB Tony Monterosa 0-0: Foul Ball, location: 9LSF
0-1: Foul Ball, location: 2F
0-2: Foul Ball, location: 2F
0-2: Ground out U3 (Groundball, 3, EV 82.5 MPH)
Batting: RHB Alex Rios 0-0: Called Strike
0-1: Ball
1-1: Ball
2-1: SINGLE (Groundball, 34, EV 110.6 MPH)
Batting: RHB Maurice Groen 0-0: Ball
1-0: Fly out, F9 (Flyball, 9, EV 79.4 MPH)
Bottom of the 4th over - 0 runs, 1 hit, 0 errors, 1 left on base; Cincinnati 4 - Kansas City 2
TOP OF THE 5TH
Cincinnati Reds batting - Pitching for Kansas City Royals : LHP Brian Clute
Batting: LHB Jonathan Nelson 0-0: Called Strike
0-1: Called Strike
0-2: Ball
1-2: Foul Ball, location: 2LF
1-2: Fly out, F9 (Line Drive, 89M, EV 105.0 MPH)
Batting: RHB Erik Schmidt 0-0: Ball
1-0: Foul Ball, location: 2F
1-1: Swinging Strike
1-2: Ball
2-2: Ball
3-2: Base on Balls
Batting: RHB Jamie Schexnider 0-0: Ball
1-0: Called Strike
1-1: 2-RUN HOME RUN (Flyball, 78XD, EV 100.0 MPH), Distance : 409 ft
Batting: RHB Tim Mercer 0-0: Fly out, F9 (Flyball, 9, EV 91.3 MPH)
Batting: RHB Earl Boivin 0-0: Ground out U3 (Groundball, 34, EV 80.0 MPH)
Top of the 5th over - 2 runs, 1 hit, 0 errors, 0 left on base; Cincinnati 6 - Kansas City 2
BOTTOM OF THE 5TH
Kansas City Royals batting - Pitching for Cincinnati Reds : RHP Mike Lewis
Batting: RHB Kyle Mellecker 0-0: Ball
1-0: Foul Ball, location: 9LSF
1-1: SINGLE (Groundball, 56D, EV 94.4 MPH)
Batting: RHB Tim Kingsley 0-0: Called Strike
0-1: Foul Ball, location: 2F
0-2: Ball
1-2: Strikes out swinging
Batting: LHB Danny Bonilla 0-0: Ball
1-0: Called Strike
Kyle Mellecker is caught stealing 2nd base 2-6
1-1: Ball
2-1: Ball
3-1: Foul Ball, location: 2F
3-2: SINGLE (Groundball, 34D, EV 103.1 MPH)
Batting: LHB Jorge Castillo 0-0: Foul Ball, location: 5F
0-1: Ball
1-1: Called Strike
1-2: Ball
2-2: Fly out, F9 (Flyball, 9S, EV 77.5 MPH)
Bottom of the 5th over - 0 runs, 2 hits, 0 errors, 1 left on base; Cincinnati 6 - Kansas City 2
TOP OF THE 6TH
Cincinnati Reds batting - Pitching for Kansas City Royals : LHP Brian Clute
Batting: LHB Steve Carbone 0-0: Ball
1-0: Ball
2-0: Foul Ball, location: 2F
2-1: Foul Ball, location: 3FF
2-2: Ball
3-2: Strikes out swinging
Batting: RHB Dave Truax 0-0: Ball
1-0: Ground out 2-3 (Groundball, 15S, EV 62.5 MPH)
Batting: RHB Rich Bruce 0-0: Swinging Strike
0-1: Swinging Strike
0-2: Ball
1-2: Foul Ball, location: 9LMF
1-2: Strikes out swinging
Top of the 6th over - 0 runs, 0 hits, 0 errors, 0 left on base; Cincinnati 6 - Kansas City 2
BOTTOM OF THE 6TH
Kansas City Royals batting - Pitching for Cincinnati Reds : RHP Mike Lewis
Batting: LHB Mike Andreas 0-0: Foul Ball, location: 3FF
0-1: Ball
1-1: Foul Ball, location: 3FF
1-2: Ball
2-2: Ball
3-2: Strikes out swinging
Batting: RHB Blake Linden 0-0: Foul Ball, location: 9LMF
0-1: Called Strike
0-2: Strikes out swinging
Batting: LHB Tony Monterosa 0-0: Called Strike
0-1: Ball
1-1: Ball
2-1: Ball
3-1: Base on Balls
Pitching: RHP Juan Mata
Batting: RHB Alex Rios 0-0: Fly out, F9 (Flyball, 9, EV 92.5 MPH)
Bottom of the 6th over - 0 runs, 0 hits, 0 errors, 1 left on base; Cincinnati 6 - Kansas City 2
TOP OF THE 7TH
Cincinnati Reds batting - Pitching for Kansas City Royals : LHP Brian Clute
Batting: RHB Ricky Correa 0-0: Ground out 3-1 (Groundball, 34, EV 106.9 MPH)
Batting: LHB Jonathan Nelson 0-0: Ball
1-0: Called Strike
1-1: Reached on error, E4 (Groundball, 4, EV 86.9 MPH)
Batting: RHB Erik Schmidt 0-0: Called Strike
0-1: DOUBLE (Flyball, 78D, EV 106.3 MPH)
Jonathan Nelson to third
Batting: RHB Jamie Schexnider 0-0: Ground out 5-3 (Groundball, 56, EV 85.6 MPH)
Jonathan Nelson scores
Pitching: LHP Josh Knapp
Batting: RHB Tim Mercer 0-0: Ball
1-0: Foul Ball, location: 2F
1-1: Called Strike
1-2: Strikes out swinging
Top of the 7th over - 1 run, 1 hit, 1 error, 1 left on base; Cincinnati 7 - Kansas City 2
BOTTOM OF THE 7TH
Kansas City Royals batting - Pitching for Cincinnati Reds : RHP Juan Mata
Batting: RHB Maurice Groen 0-0: Called Strike
0-1: Ball
1-1: Foul Ball, location: 9LSF
1-2: Ball
2-2: Ground out 6-3 (Groundball, 6, EV 91.3 MPH)
Batting: RHB Kyle Mellecker 0-0: Ball
1-0: Ball
2-0: Ball
3-0: Called Strike
3-1: Base on Balls
Batting: RHB Tim Kingsley 0-0: Ball
Kyle Mellecker is caught stealing 2nd base 2-4
1-0: Ball
2-0: Fly out, F8 (Line Drive, 8LM, EV 90.0 MPH)
Bottom of the 7th over - 0 runs, 0 hits, 0 errors, 0 left on base; Cincinnati 7 - Kansas City 2
TOP OF THE 8TH
Cincinnati Reds batting - Pitching for Kansas City Royals : LHP Josh Knapp
Batting: RHB Earl Boivin 0-0: Ball
1-0: Called Strike
1-1: DOUBLE (Line Drive, 9LM, EV 105.6 MPH)
Batting: LHB Steve Carbone 0-0: Fly out, F7 (Flyball, 7, EV 96.3 MPH)
Batting: RHB Dave Truax 0-0: Called Strike
0-1: Ball
1-1: Fly out, F9 (Flyball, 9S, EV 88.8 MPH)
Batting: RHB Rich Bruce 0-0: Ball
1-0: Fly out, F8 (Flyball, 8RM, EV 83.1 MPH)
Top of the 8th over - 0 runs, 1 hit, 0 errors, 1 left on base; Cincinnati 7 - Kansas City 2
BOTTOM OF THE 8TH
Kansas City Royals batting - Pitching for Cincinnati Reds : RHP Juan Mata
Batting: LHB Danny Bonilla 0-0: SINGLE (Line Drive, 56, EV 97.5 MPH)
Batting: LHB Jorge Castillo 0-0: Ball
1-0: Swinging Strike
1-1: Foul Ball, location: 2F
1-2: Foul Ball, location: 25F
1-2: Fly out, F9 (Flyball, 9D, EV 106.3 MPH)
Pitching: LHP C.J. Williams
Pinch Hitting: RHB Travis Bernsen 0-0: Called Strike
0-1: Foul Ball, location: 2LF
0-2: Strikes out swinging
Batting: RHB Blake Linden 0-0: Ball
1-0: Called Strike
1-1: Ball
2-1: Foul Ball, location: 2LF
2-2: Ground out 4-3 (Groundball, 34, EV 94.4 MPH)
Bottom of the 8th over - 0 runs, 1 hit, 0 errors, 1 left on base; Cincinnati 7 - Kansas City 2
TOP OF THE 9TH
Cincinnati Reds batting - Pitching for Kansas City Royals : LHP Josh Knapp
Now in LF: Travis Bernsen
Batting: RHB Ricky Correa 0-0: Ball
1-0: Called Strike
1-1: Swinging Strike
1-2: Fly out, F7 (Flyball, 7D, EV 106.3 MPH)
Batting: LHB Jonathan Nelson 0-0: Ball
1-0: Ball
2-0: Swinging Strike
2-1: Ground out U3 (Groundball, 3, EV 94.4 MPH)
Batting: RHB Erik Schmidt 0-0: Ball
1-0: Called Strike
1-1: Called Strike
1-2: Strikes out swinging
Top of the 9th over - 0 runs, 0 hits, 0 errors, 0 left on base; Cincinnati 7 - Kansas City 2
BOTTOM OF THE 9TH
Kansas City Royals batting - Pitching for Cincinnati Reds : LHP C.J. Williams
Batting: LHB Tony Monterosa 0-0: Called Strike
0-1: Ball
1-1: Fly out, F7 (Flyball, 78S, EV 95.6 MPH)
Pitching: LHP Dusty Edwards
Batting: RHB Alex Rios 0-0: Called Strike
0-1: Foul Ball, location: 9LMF
0-2: Ball
1-2: Ball
2-2: Foul Ball, location: 5FF
2-2: Strikes out looking
Batting: RHB Maurice Groen 0-0: Ball
1-0: Called Strike
1-1: Ball
2-1: Ball
3-1: Base on Balls
Batting: RHB Kyle Mellecker 0-0: Fly out, F7 (Flyball, 7S, EV 88.8 MPH)
Bottom of the 9th over - 0 runs, 0 hits, 0 errors, 1 left on base; Cincinnati 7 - Kansas City 2
Tuesday, April 16th , 2024 - OOTP Baseball 24.11 Build 85